 Dungeon Crawl Stone Soup version 0.20.1-1-g8b1a95d (webtiles) character file.

9 tidbits the Insei (level 1, -1/15 HPs)
             Began as a Demigod Transmuter on Aug 23, 2017.
             Slain by a worm (10 damage)
             ... on level 2 of the Dungeon.
             The game lasted 00:01:27 (152 turns).

tidbits the Insei (Demigod Transmuter)               Turns: 152, Time: 00:01:27

Health: -1/15      AC:  2    Str: 13    XL:     1   Next: 86%
Magic:  4/5        EV: 12    Int: 17    God:
Gold:   0          SH:  0    Dex: 16    Spells: 3/4 levels left

rFire    . . .     SeeInvis .     - Unarmed
rCold    . . .     Gourm    .   (no shield)
rNeg     . . .     Faith    .   b - +0 robe
rPois    .         Spirit   .   (no helmet)
rElec    .         Reflect  .   (no cloak)
rCorr    .         Harm     .   (no gloves)
MR       .....                  (boots currently unavailable)
Stlth    +.........             (no amulet)
Regen    0.1/turn               (no ring)
MPRegen  0.1/turn               (no ring)

@: appendage (expiring)
A: talons 3, high mp 1
a: End Transformation


You were on level 2 of the Dungeon.
You were not hungry.
You had grown temporary talons.
You visited 1 branch of the dungeon, and saw 2 of its levels.

Inventory:

Missiles
 a - 12 arrows
Armour
 b - a +0 robe (worn)
Scrolls
 e - a scroll of magic mapping {unknown}
Books
 c - a book of Changes

   Spells                             Type                      Level
   a - Beastly Appendage              Transmutation                1
   b - Sticks to Snakes               Transmutation                2
   c - Spider Form                    Transmutation/Poison         3
   d - Ice Form                       Ice/Transmutation            4
   e - Blade Hands                    Transmutation                5
Comestibles
 d - 2 bread rations


   Skills:
 - Level 0.8 Fighting
 - Level 1.7 Dodging
 + Level 2.8 Unarmed Combat
 - Level 2.0 Spellcasting
 - Level 2.1 Transmutations


You had 3 spell levels left.
You knew the following spells:

 Your Spells              Type           Power        Failure   Level  Hunger
e - Beastly Appendage     Tmut           #.....       9%          1    #......


Dungeon Overview and Level Annotations

Branches:
Dungeon (2/15)


Innate Abilities, Weirdness & Mutations

You have an increased reservoir of magic. (+10% MP)
You have claws for feet.


Message History

The kobold barely misses you.
You barely miss the kobold. You claw the kobold.
You kill the kobold!
You see here a kobold corpse.
Found a scroll labeled AFRAWE GAVAONN.
Your talons disappear.
e - a scroll labeled AFRAWE GAVAONN A frilled lizard comes into view.
The frilled lizard hisses angrily.
Casting: Beastly Appendage
Confirm with . or Enter, or press ? or * to list all spells.
Your feet morph into talons.
You closely miss the frilled lizard.
The frilled lizard bites you but does no damage.
You hit the frilled lizard but do no damage.
You claw the frilled lizard.
You kill the frilled lizard!
Your Transmutations skill increases to level 2!
You see here a frilled lizard corpse.
A giant cockroach comes into view.
Found 2 fruits.
Casting: Beastly Appendage
Confirm with . or Enter, or press ? or * to list all spells.
You miscast Beastly Appendage.
You are very lightly contaminated with residual magic.
Nothing appears to happen.
Casting: Beastly Appendage
Confirm with . or Enter, or press ? or * to list all spells.
You extend your transformation's duration.
The helpless giant cockroach fails to defend itself.
You hit the giant cockroach.
You kill the giant cockroach!
Your transformation is almost over.
A kobold comes into view. It is wielding a short sword.
The kobold shouts!
Casting: Beastly Appendage
Confirm with . or Enter, or press ? or * to list all spells.
You miscast Beastly Appendage.
Your skin glows momentarily.
Casting: Beastly Appendage
Confirm with . or Enter, or press ? or * to list all spells.
You extend your transformation's duration.
The kobold hits you with a short sword.
You hit the kobold but do no damage. You claw the kobold.
The kobold is moderately wounded.
The kobold hits you with a short sword.
You hit the kobold. You claw the kobold.
You kill the kobold!
Your Spellcasting skill increases to level 2!
Your transformation is almost over.
You open the door. You open the door.
Your talons disappear.
Your magical contamination has completely faded away.
Magic restored.
Found a stone staircase leading down.
There is a stone staircase leading down here.
Casting: Beastly Appendage
Confirm with . or Enter, or press ? or * to list all spells.
Your feet morph into talons.
You climb downwards.
A goblin comes into view.
There is a stone staircase leading up here.
A worm and a giant cockroach come into view.
The goblin shouts!
There is a stone staircase leading up here.
Your transformation is almost over.
The giant cockroach misses you.
You hit the giant cockroach. Your kick misses the giant cockroach.
You punch the giant cockroach, but do no damage.
The giant cockroach is severely wounded.
The giant cockroach closely misses you.
You hit the giant cockroach but do no damage.
You claw the giant cockroach.
You kill the giant cockroach!
You barely miss the goblin. The goblin hits you.
A frilled lizard comes into view.
The frilled lizard hisses angrily.
You hit the goblin. Your kick misses the goblin.
The goblin is severely wounded.
The goblin closely misses you.
You hit the goblin but do no damage.
The goblin is severely wounded.
The goblin closely misses you.
You hit the goblin.
You kill the goblin!
Casting: Beastly Appendage
Confirm with . or Enter, or press ? or * to list all spells.
You extend your transformation's duration.
You hit the worm. You claw the worm!
The worm is severely wounded.
The worm misses you.
You hit the worm but do no damage.
The worm is heavily wounded.
You barely miss the worm. You claw the worm.
The worm is severely wounded.
Your transformation is almost over.
The worm bites you!
Ouch! That really hurt!
You die...

#....# #....#
# .###....#
.##
........##..#
...........
###......#
#.......l#
#.######w#
#@# ###


You could see a worm and a frilled lizard.

Vanquished Creatures
  2 giant cockroaches
  A goblin (D:2)
  A hobgoblin (D:1)
  2 kobolds (D:1)
  A frilled lizard (D:1)
7 creatures vanquished.

Notes
Turn   | Place    | Note
-------+----------+-------------------------------------------
     0 | D:1      | tidbits the Demigod Transmuter began the quest for the Orb.
     0 | D:1      | Reached XP level 1. HP: 15/15 MP: 5/5
    74 | D:1      | Reached skill level 2 in Transmutations
    96 | D:1      | Reached skill level 2 in Spellcasting
   152 | D:2      | Slain by a worm

Skill      XL: |  1 |
---------------+----+-----
Transmutations | 2 |  2.1
Spellcasting   | 2 |  2.0
Fighting       | |  0.8
Dodging        | |  1.7
Unarmed Combat | |  2.8

Action                   || total
-------------------------++-------
Melee: Unarmed           ||    17
       Kick              ||     8
       Punch             ||     1
 Cast: Beastly Appendage ||     7
 Stab: Sleeping          ||     1
Armor: Robe              ||     1
Dodge: Dodged            ||     7

Table legend:
 A = Turns spent in this place as a percentage of turns spent in the entire game.
 B = Non-inter-level travel turns spent in this place as a percentage of non-inter-level travel turns spent in the entire game.
 C = Inter-level travel turns spent in this place as a percentage of turns spent in this place.
 D = Turns resting spent in this place as a percentage of non-inter-level travel turns spent in this place.
 E = Turns spent auto-exploring this place as a percentage of non-inter-level travel turns spent in this place.
 F = Non-inter-level travel turns spent in this place divided by the number of levels of this place that you've seen.
                   A       B       C       D       E      F
               +-------+-------+-------+-------+-------+----------------------
         Total | 100.0 | 100.0 |   0.0 |   0.0 |   0.0 |  68.0
       Dungeon | 100.0 | 100.0 |   0.0 |   0.0 |   0.0 |  68.0
               +-------+-------+-------+-------+-------+----------------------

Table legend:
 A = Kills in this place as a percentage of kills in entire the game.
 B = Kills by you in this place as a percentage of kills by you in the entire game.
 C = Kills by friends in this place as a percentage of kills by friends in the entire game.
 D = Other kills in this place as a percentage of other kills in the entire game.
 E = Experience gained in this place as a percentage of experience gained in the entire game.
 F = Experience gained in this place divided by the number of levels of this place that you have seen.
                   A       B       C       D       E      F
               +-------+-------+-------+-------+-------+----------------------
         Total | 100.0 | 100.0 |  -nan |  -nan | 100.0 |   6.5
       Dungeon | 100.0 | 100.0 |  -nan |  -nan | 100.0 |   6.5
               +-------+-------+-------+-------+-------+----------------------

Vault maps used:
D:1:      dpeg_arrival_short_road
